 Dungeon Crawl Stone Soup version 0.29.1-12-g30fa7ad0bf (webtiles) character file.

Game seed: 9522586164016892534

56 Radix the Trooper (level 3, -3/52 HPs)
             Began as a Hill Orc Fighter on Jan 7, 2023.
             Slain by a small abomination (10 damage)
             ... on level 1 of the Abyss.
             The game lasted 00:09:53 (1693 turns).

Radix the Trooper (Hill Orc Fighter)                Turns: 1693, Time: 00:09:54

Health: -3/52      AC: 21    Str: 20    XL:     3   Next: 97%
Magic:  3/3        EV:  2    Int:  8    God:
Gold:   105        SH:  4    Dex: 10    Spells: 2/2 levels left

rFire   . . .      SeeInvis .   a - +0 war axe
rCold   . . .      Faith    .   c - +0 buckler
rNeg    . . .      Spirit   .   (body armour currently unavailable)
rPois   +          Reflect  .   (helmet currently unavailable)
rElec   .          Harm     .   (cloak currently unavailable)
rCorr   .          Rampage  .   (gloves currently unavailable)
Will    .....      NoTele   +   (boots currently unavailable)
Stlth   ..........              (no amulet)
HPRegen 0.17/turn               (no ring)
MPRegen 0.08/turn               (no ring)

@: mighty, tree-form, silenced (expiring)
A: stationary, stasis, torment immunity, boosted hp
a: no special abilities


You were on level 1 of the Abyss.
You were a tree.
You visited 1 branch of the dungeon, and saw 2 of its levels.
You visited the Abyss 1 time.

You collected 105 gold pieces.

Inventory:

Hand Weapons
 a - a +0 war axe (weapon)
Missiles
 k - 3 boomerangs (quivered)
Armour
 b - a +0 scale mail (melded)
 c - a +0 buckler (worn)
Jewellery
 m - a +6 ring of dexterity
Scrolls
 e - a scroll of vulnerability {unknown}
 f - a scroll of acquirement
 h - 2 scrolls of amnesia {unknown}
 i - a scroll of identify {unknown}
Potions
 l - a potion of attraction


   Skills:
 + Level 4.8 Fighting
 + Level 4.3 Axes
 - Level 3.2 Armour
 - Level 3.2 Shields


You had 2 spell levels left.
You didn't know any spells.
Your spell library contained the following spells:

 Spells                   Type           Power      Damage    Failure   Level
 Poisonous Vapours        Pois/Air       0%         N/A       65%         2
 Corpse Rot               Necr/Pois/Air  0%         N/A       99%         4


Dungeon Overview and Level Annotations

Branches:
Dungeon (2/15)

Altars:

Shops:
D:1 (


Message History

A small abomination is nearby!
It was a potion of curing.
You feel better.
You hit the small abomination.
The small abomination is lightly damaged.
The small abomination hits you but does no damage.
The small abomination hits you!
* * * LOW HITPOINT WARNING * * *
You feel very mighty all of a sudden. The small abomination hits you.
* * * LOW HITPOINT WARNING * * *
You hit the small abomination.
The small abomination is moderately damaged.
The small abomination hits you.
* * * LOW HITPOINT WARNING * * *
The small abomination closely misses you.
As you read the scroll labelled CAUPYRGHI SISUDAIS, it crumbles to dust.
You assume a fearsome visage.
The small abomination is unaffected.
It was a scroll of fear.
The small abomination closely misses you.
Blink to where?
Press: ? - help, Dir - move target
As you read the scroll labelled GUDGHA MULIPO, it crumbles to dust.
It was a scroll of blinking.
As you read the scroll labelled QIGYOTIFRE, it crumbles to dust.
A profound silence engulfs you.
It was a scroll of silence.
Magic scrolls do not work when you're silenced!
A tentacled starspawn comes into view.
Found a gateway leading deeper into the Abyss.
Tentacles burst from the starspawn's body! 2 starspawn tentacles come into view.
A tentacled starspawn is nearby!
The small abomination attacks as you move away!
The small abomination barely misses you.
Magic scrolls do not work when you're silenced!
It was a potion of lignification.
You turn into a tree.
Your +0 scale mail melds into your body.
Your roots penetrate the ground.
Tentacles burst from the starspawn's body!
The small abomination hits you!
You die...

#....###....
.##.# #>....
.#..####..## #.
.w#.#.#.#...##
#..###.##.##...#
# #.#......# #
#......#.# ..
###ww#..# .
#.#X#x.# #
####♣### ### . .


You could see a tentacled starspawn, a small abomination and 2 starspawn
tentacles.

Vanquished Creatures
  A white imp (Abyss:1)
  2 worms (D:2)
  A dart slug (D:1)
  8 ball pythons
  4 endoplasms
  2 giant cockroaches
  3 goblins (D:1)
  3 hobgoblins
  2 quokkas (D:1)
  2 bats (D:1)
  A frilled lizard (D:2)
  7 kobolds
  4 rats (D:1)
40 creatures vanquished.

Vanquished Creatures (others)
  2 starspawn tentacles (Abyss:1)
2 creatures vanquished.

Grand Total: 42 creatures vanquished

Notes
Turn   | Place    | Note
-------+----------+-------------------------------------------
     0 | D:1      | Radix the Hill Orc Fighter began the quest for the Orb.
     0 | D:1      | Reached XP level 1. HP: 19/19 MP: 1/1
    39 | D:1      | Reached XP level 2. HP: 15/27 MP: 2/2
   213 | D:1      | Found Gimoetus's Weapon Shop.
   409 | D:1      | Reached XP level 3. HP: 34/34 MP: 3/3
   498 | D:1      | Found a faded altar of an unknown god.
   511 | D:1      | Found a faded altar of an unknown god.
  1526 | D:2      | Identified 2 scrolls of acquirement
  1526 | D:2      | Acquired a +2 vorpal broad axe
  1526 | D:2      | HP: 1/34 [gnoll/+2 whip of distortion (1)]
  1526 | Abyss:1  | Cast into level 1 of the Abyss (gnoll)
  1546 | Abyss:1  | Noticed a great orb of eyes
  1573 | Abyss:1  | Noticed a starcursed mass
  1580 | Abyss:1  | HP: 1/34 [white imp/puff of frost (6)]
  1651 | Abyss:1  | Noticed a small abomination
  1682 | Abyss:1  | Noticed a tentacled starspawn
  1693 | Abyss:1  | Slain by a small abomination

Illustrated notes

Levels and vault maps discovered:
D:1:      dreamdust_arrival_sigmund_warning, layout_rooms,
          hellmonk_ecumenical_altar_the_god_not_taken, serial_shops, shop
D:2:      layout_loops_ring, st_stairs_12
Abyss:1:  base:
D:2

Skill      XL: |  1  2  3 |
---------------+----------+-----
Axes           | 3 4 |  4.3
Fighting       | 4 |  4.8
Armour         | |  3.2
Shields        | |  3.2

Action                   || total
-------------------------++-------
Melee: War axe           ||    99
  Use: Potion            ||     5
       Scroll            ||     4
Armor: Scale mail        ||    36
Dodge: Dodged            ||    40
Block: Buckler           ||    16
